 Dungeon Crawl Stone Soup version 0.21.1-1-g345015fe64 (webtiles) character file.

234 NullDivider the Charlatan (level 5, -2/27 HPs)
             Began as a Spriggan Artificer on May 30, 2018.
             Killed from afar by an orc wizard (6 damage)
             ... with a magic dart
             ... on level 3 of the Dungeon.
             The game lasted 00:14:30 (4608 turns).

NullDivider the Charlatan (Spriggan Artificer)      Turns: 4608, Time: 00:14:31

Health: -2/27      AC:  2    Str:  8    XL:     5   Next: 75%
Magic:  9/9        EV: 20    Int: 13    God:
Gold:   121        SH:  0    Dex: 17    Spells: 4/4 levels left

rFire    . . .     SeeInvis +   v - -3 hunting sling (curse)
rCold    . . .     Gourm    .   (shield restricted)
rNeg     . . .     Faith    .   b - +0 robe
rPois    .         Spirit   .   (helmet restricted)
rElec    .         Reflect  .   (no cloak)
rCorr    +         Harm     .   (gloves unavailable)
MR       .....                  (boots unavailable)
Stlth    +++.......             (no amulet)
HPRegen  0.09/turn              w - ring of resist corrosion
MPRegen  0.11/turn              (no ring)

@: very quick
A: very small, unfitting armour, see invisible, herbivore, speed 3, slow
metabolism 2
a: no special abilities


You were on level 3 of the Dungeon.
You were near starving.

You visited 1 branch of the dungeon, and saw 3 of its levels.
You also visited: Sewer.

You collected 121 gold pieces.

Inventory:

Hand Weapons
 a - a +0 short sword
 v - a cursed -3 hunting sling (weapon)
Missiles
 i - 89 stones (quivered)
 y - 22 arrows
Armour
 b - a +0 robe (worn)
Jewellery
 w - a ring of resist corrosion (left hand)
Wands
 c - a wand of flame (8)
 d - a wand of enslavement (15)
 e - a wand of random effects (5)
Scrolls
 k - 4 scrolls of teleportation
 p - 2 scrolls of magic mapping
 t - a scroll of fog
 u - a scroll of immolation
Potions
 h - 2 potions of haste {unknown}
 j - 3 potions of magic {unknown}
 l - 3 potions of might {unknown}
 m - a potion of agility {unknown}
 o - 3 potions of curing {unknown}
 q - a potion of berserk rage {unknown}
 r - a potion of lignification {unknown}
 s - a potion of cancellation {unknown}
 z - a potion of heal wounds {unknown}
Comestibles
 f - 3 rations


   Skills:
 * Level 2.6 Fighting
 * Level 3.2 Short Blades
 + Level 4.4 Dodging
 + Level 3.3 Stealth
 + Level 4.9 Evocations


You had 4 spell levels left.
You didn't know any spells.

Dungeon Overview and Level Annotations

Branches:
Dungeon (3/15)

Altars:
Elyvilon
Wu Jian


Innate Abilities, Weirdness & Mutations

You are very small and have problems with some larger weapons.
You are too small for most types of armour.
You have supernaturally acute eyesight. (SInv)
You are a herbivore.
You cover ground extremely quickly.
You need consume almost no food.


Message History

The puff of flame misses you.
Firing (i - inventory. (,) - cycle):
g - 2 sling bullets (quivered)
Press: ? - help, Shift-Dir - straight line, f/p - orc wizard
Aim: an orc wizard, wielding a dagger and wearing a robe (lightly wounded, slightly transparent)
You shoot a sling bullet.
The sling bullet hits the orc wizard but does no damage.
The orc wizard is lightly wounded.
There is a stone staircase leading up here.
Your magical contamination has completely faded away.
Firing (i - inventory. (,) - cycle):
g - a sling bullet (quivered)
Press: ? - help, Shift-Dir - straight line, f/p - orc wizard
Aim: an orc wizard, wielding a dagger and wearing a robe (lightly wounded, slightly transparent)
You shoot a sling bullet.
The sling bullet barely misses the orc wizard.
The orc wizard casts a spell at you. The puff of flame hits you!
* * * LOW HITPOINT WARNING * * *
The orc wizard casts a spell at you. The magic dart hits you!
You die...

...(.o..(....###.o##.
.....(.......# #.#
........((...# ..
...#######(###
######## #.# .......#
#.# .......# #.##
#......# #(<######
##.....# #..o...@#
≈#.....# ##.######
###.#### #.# # #.#
#.# # #.# #.# # #.#
#.# # #.# #.# ###.#
#. ≈...#


You could see an orc wizard (invisible).

Vanquished Creatures
  A water moccasin skeleton (D:2)
  An orc wizard (D:3)
  A worker ant (D:2)
  5 adders
  A river rat (D:3)
  2 worms (D:3)
  A dart slug (D:3)
  A leopard gecko (D:3)
  8 orcs (D:3)
  3 ball pythons (Sewer)
  3 giant cockroaches
  3 goblins
  9 hobgoblins
  2 jackals (D:2)
  A quokka (D:2)
  5 bats
  8 frilled lizards
  7 kobolds
  9 rats
71 creatures vanquished.

Notes
Turn   | Place    | Note
-------+----------+-------------------------------------------
     0 | D:1      | NullDivider the Spriggan Artificer began the quest for the Orb.
     0 | D:1      | Reached XP level 1. HP: 9/9 MP: 4/4
    84 | D:1      | Reached skill level 1 in Fighting
   428 | D:1      | Reached XP level 2. HP: 8/14 MP: 6/6
  1779 | D:2      | Reached XP level 3. HP: 16/18 MP: 7/7
  2144 | D:2      | Reached XP level 4. HP: 11/23 MP: 8/8
  2556 | D:2      | Found an ornate altar of the Wu Jian Council.
  2557 | D:2      | Found a white marble altar of Elyvilon.
  2953 | D:3      | Reached XP level 5. HP: 11/26 MP: 9/9
  3357 | D:3      | Found a glowing drain.
  3373 | Sewer    | Entered a sewer
  4608 | D:3      | Killed from afar by an orc wizard

Skill      XL: |  1  2  3  4  5 |
---------------+----------------+-----
Fighting       | 1 2 |  2.6
Stealth        | 2 3 |  3.3
Short Blades   | 2 3 |  3.2
Dodging        | 4 |  4.4
Evocations     | |  4.9

Action                   |  1- 3 |  4- 6 || total
-------------------------+-------+-------++-------
Melee: Short sword       |   115 |   180 ||   295
 Fire: Hunting sling     |       |    16 ||    16
Evoke: Wand              |     7 |    10 ||    17
  Use: Scroll            |       |     5 ||     5
 Stab: Sleeping          |     4 |     3 ||     7
       Distracted        |     1 |       ||     1
Armor: Robe              |     8 |     6 ||    14
Dodge: Dodged            |   101 |   126 ||   227
